 Seeded DCSS version 0.30-a0-800-g7c544603b3 (webtiles) character file.

Game seed: 17094993987773851223 (custom seed)

151 hikkokomori the Cutter (level 5, -5/25 (26) HPs)
             Began as a Vine Stalker Gladiator on Feb 23, 2023.
             Slain by a wight
             ... wielding a +0 halberd
              (11 damage)
             ... on level 4 of the Dungeon.
             The game lasted 00:02:56 (2518 turns).

hikkokomori the Cutter (Vine Stalker Gladiator)     Turns: 2518, Time: 00:02:58

HP:   -5/25 (26)    AC:  4    Str: 19    XL:     5   Next: 33%
MP:   0/6           EV: 12    Int:  8    God:
Gold: 150           SH:  0    Dex: 15    Spells: 4/4 levels left

rFire   . . .      SeeInvis .    a - +0 rapier
rCold   . . .      Faith    .    (no shield)
rNeg    . . .      Spirit   +    b - +0 leather armour
rPois   .          Reflect  .    c - +0 helmet
rElec   .          Harm     .    (no cloak)
rCorr   .          Rampage  .    (no gloves)
Will    .....                    (no boots)
Stlth   ++                       (no amulet)
HPRegen 1.04/turn                (no ring)
MPRegen 0.10/turn                (no ring)

@: lightly drained
A: fangs 2, regeneration 1, magic shield, antimagic bite, no potion heal 2
a: no special abilities


You were on level 4 of the Dungeon.
You visited 1 branch of the dungeon, and saw 4 of its levels.

You collected 150 gold pieces.

Inventory:

Hand Weapons
 a - a +0 rapier (weapon)
Missiles
 d - 3 throwing nets (quivered)
 e - a javelin
Armour
 b - a +0 leather armour (worn)
 c - a +0 helmet (worn)
 l - a +0 kite shield
Jewellery
 f - an amulet of the acrobat
 n - the ring "Ezina" {rF+ rN++ rCorr Int-5 Dex+9}
   (You found it on level 2 of the Dungeon)

   [ring of protection from fire]

   Int:       It affects your intelligence (-5).
   Dex:       It affects your dexterity (+9).
   rF:        It protects you from fire.
   rN:        It greatly protects you from negative energy.
   rCorr:     It protects you from acid and corrosion.
 q - a ring of poison resistance
Scrolls
 g - a scroll of butterflies {unknown}
 h - 2 scrolls of identify {unknown}
 m - 3 scrolls of magic mapping {unknown}
 r - a scroll of enchant armour {unknown}
Potions
 i - 2 potions of heal wounds {unknown}
 j - 3 potions of mutation {unknown}
 k - a potion of invisibility {unknown}
 o - 2 potions of curing {unknown}
 p - a potion of haste {unknown}
 s - a potion of flight {unknown}


   Skills:
 - Level 2.2 Fighting
 + Level 3.5 Short Blades
 - Level 1.7 Throwing
 + Level 3.1 Dodging
 + Level 3.0 Stealth
 + Level 1.4 Shields


You had 4 spell levels left.
You didn't know any spells.
Your spell library contained the following spells:

 Spells                   Type           Power      Damage    Failure   Level
 Sting                    Tmut/Pois      0%         1d3       45%         1
 Ensorcelled Hibernation  Hex/Ice        0%         N/A       61%         2
 Passwall                 Tmut/Erth      0%         N/A       61%         2
 Poisonous Vapours        Pois/Air       0%         N/A       61%         2
 Swiftness                Air            0%         N/A       83%         3
 Tukima's Dance           Hex            0%         N/A       83%         3
 Olgreb's Toxic Radiance  Pois           0%         N/A       99%         4
 Passage of Golubria      Tloc           0%         N/A       99%         4
 Yara's Violent Unravell  Hex/Tmut       0%         3d3       100%        5


Dungeon Overview and Level Annotations

Branches:
Dungeon (4/15)
 Temple: D:4-7

Altars:

Shops:
D:1 ***


Innate Abilities, Weirdness & Mutations

You have extremely sharp teeth.
Your natural rate of healing is unusually fast.
When hurt, damage is shared between your health and your magic reserves.
Your bite disrupts and absorbs the magic of your enemies.
Potions cannot restore your health.


Message History

The adder is heavily wounded.
You feel sick. The adder bites you.
You are more poisoned.
The adder poisons you! The adder closely misses you.
You barely miss the adder.
The adder is heavily wounded.
You feel sick. The adder barely misses you. The wight barely misses you.
You hit the adder. Your bite misses the adder.
The adder is severely wounded.
You feel sick. The adder bites you but does no damage.
The wight hits you from afar with a +0 halberd.
You feel drained.
You barely miss the adder.
The adder is severely wounded.
You feel sick. The adder barely misses you.
The adder bites you but does no damage. The wight misses you.
You barely miss the adder. You bite the adder. You drain its power.
You feel invigorated.
The adder is almost dead.
You feel sick. The adder barely misses you. The wight closely misses you.
You closely miss the adder.
The adder is almost dead.
You feel sick. The adder closely misses you. The wight misses you.
The adder bites you but does no damage.
You barely miss the adder. You bite the adder.
You kill the adder!
You feel sick.
The wight hits you from afar with a +0 halberd!
* * * LOW HITPOINT WARNING * * *
You are too injured to fight recklessly!
You are too injured to fight recklessly!
You are too injured to fight recklessly!
You are too injured to fight recklessly!
You are too injured to fight recklessly!
You are too injured to fight recklessly!
Unknown command.
You feel sick.
You are no longer poisoned.
The wight hits you from afar with a +0 halberd!
You die...

#.........#
########.........#
.................#
#...###.........#
# #.###.........#
#....<........#
###..##########
#..#......
#@........
#..z......
##.....?..
........†......
#...#.......... #.
...#........
##..##....... #..
....... ## #.#####


You could see a wight.

Vanquished Creatures
  Natasha (twice) (D:3)
  3 adders
  An adder zombie (D:2)
  A worm (D:2)
  3 dart slugs
  2 orcs (D:3)
  7 ball pythons
  6 bats
  A bat skeleton (D:2)
  9 endoplasms
  3 goblins
  7 hobgoblins
  2 kobolds
  2 quokkas
  2 ball python zombies (D:2)
  2 frilled lizards
  A quokka skeleton (D:2)
  6 rats
60 creatures vanquished.

Notes
Turn   | Place    | Note
-------+----------+-------------------------------------------
     0 | D:1      | hikkokomori the Vine Stalker Gladiator began the quest for
                  | the Orb.
     0 | D:1      | Reached XP level 1. HP: 11/11 MP: 2/2
    13 | D:1      | Found Fiyrphoi's General Store.
    43 | D:1      | Found Juzxaq's General Store.
    76 | D:1      | Reached XP level 2. HP: 4/15 MP: 1/3
   147 | D:1      | Reached skill level 1 in Stealth
   445 | D:1      | Found Hunlibb Keixt's Assorted Antiques.
   956 | D:2      | Reached XP level 3. HP: 18/18 MP: 4/4
  1483 | D:2      | Identified the ring "Ezina" {rF+ rN++ rCorr Int-5 Dex+9}
  1903 | D:3      | Gained mutation: Your natural rate of healing is unusually
                  | fast. [Vine Stalker growth]
  1903 | D:3      | Reached XP level 4. HP: 15/23 MP: 5/5
  2001 | D:3      | Noticed Natasha
  2010 | D:3      | Killed Natasha
  2011 | D:3      | Reached skill level 1 in Shields
  2235 | D:3      | Noticed Natasha
  2244 | D:3      | Killed Natasha
  2245 | D:3      | Reached XP level 5. HP: 14/26 MP: 3/6
  2518 | D:4      | Slain by a wight

Illustrated notes

Levels and vault maps discovered:
D:1:      tarquinn_simple_flora_water_a, layout_basic, serial_shops, shop,
          shop_statue, nicolae_shop_stone, minmay_misc_feat_five, nicolae_titane
D:2:      layout_basic, serial_undead, serial_undead_d, serial_undead_f,
          serial_undead_f, serial_undead_a
D:3:      layout_basic, uniq_natasha
D:4:      layout_rooms

Skill      XL: |  1  2  3  4  5 |
---------------+----------------+-----
Fighting       | 2 |  2.2
Stealth        | 1 2 3 |  3.0
Short Blades   | 3 |  3.5
Dodging        | 3 |  3.1
Shields        | 1 |  1.4
Throwing       | |  1.7

Action                     |  1- 3 |  4- 6 || total
---------------------------+-------+-------++-------
  Melee: Rapier            |   111 |    80 ||   191
         Bite              |    25 |    20 ||    45
         Punch             |       |     1 ||     1
   Stab: Sleeping          |     8 |     1 ||     9
 Armour: Leather armour    |    31 |    31 ||    62
  Dodge: Dodged            |    56 |    67 ||   123

Table legend: (Time is in decaauts)
 A = Elapsed time spent in this place.
 B = Non-inter-level travel time spent in this place.
 C = Inter-level travel time spent in this place.
 D = Time resting spent in this place.
 E = Time spent auto-exploring this place.
 F = Levels seen in this place.
 G = Mean time per level.
                   A        B        C        D        E       F      G
               +--------+--------+--------+--------+--------+-----+--------+
         Total |   2527 |   2454 |     73 |     26 |   1973 |   4 |  631.8 |
       Dungeon |   2527 |   2454 |     73 |     26 |   1973 |   4 |  631.8 |
               +--------+--------+--------+--------+--------+-----+--------+

Top non-repeatable levels by time:
     D:1: 945 daAuts
     D:2: 814 daAuts
     D:3: 742 daAuts
     D:4: 25 daAuts
